Get step-by-step instructions on how to execute this build order below. Start the game timer, and the build order will tick by so you can play in parallel with StarCraft on a second screen or mobile device.

Game Time

  0:00

Last Step

  N/A

Next Step

Upcoming Step



Don't want to look back and forth between 2 screens? Try out our Overwolf App, the Spawning Tool Build Advisor to get an in-game overlay with this build!

Complete Build Order

  12  0:00  Probe  
  13  0:12  Probe  
  14  0:17  Pylon  
  14  0:24  Probe (Chrono Boost)  
  15  0:36  Gateway  
  15  0:37  Probe (Chrono Boost)  
  16  0:44  Probe (Chrono Boost)  
  16  0:46  Assimilator  
  17  0:51  Probe  
  18  1:03  Probe  
  19  1:15  Probe  
  20  1:22  Nexus  
  20  1:31  Cybernetics Core  
  20  1:35  Probe  
  21  1:40  Assimilator  
  21  1:47  Probe  
  22  1:50  Pylon  
  22  1:59  Probe  
  23  2:05  Adept (Chrono Boost)  
  25  2:11  Probe  
  26  2:17  Stargate  
  26  2:23  Probe  
  26  2:27  Adept (Chrono Boost)  
  29  2:34  Warp Gate  
  29  2:35  Probe (Chrono Boost)  
  31  2:41  Probe (Chrono Boost)  
  32  2:45  Probe (Chrono Boost)  
  32  2:48  Adept (Chrono Boost)  
  32  2:49  Probe (Chrono Boost)  
  32  2:50  Probe (Chrono Boost)  
  36  2:59  Probe  
  36  3:02  Probe  
  36  3:03  Oracle (Chrono Boost)  
  38  3:09  Pylon  
  38  3:11  Probe  
  42  3:14  Probe  
  42  3:19  Adept  
  45  3:23  Probe  
  47  3:27  Probe  
  47  3:30  Gateway  
  47  3:34  Pylon  
  47  3:35  Probe  
  47  3:39  Probe  
  51  3:43  Assimilator  
  51  3:48  Probe  
  52  3:51  Probe  
  52  3:53  Oracle (Chrono Boost)  
  51  3:55  Assimilator  
  51  4:00  Probe  
  55  4:03  Probe  
  56  4:11  Robotics Facility  
  56  4:12  Probe  
  56  4:15  Probe  
  58  4:24  Probe  
  58  4:25  Pylon  
  58  4:27  Probe  
  58  4:28  Nexus  
  58  4:29  Pylon  
  58  4:31  Sentry  
  62  4:40  Shield Battery  
  62  4:43  Probe x2 (Chrono Boost)  
  62  4:45  Sentry  
  66  4:53  Pylon  
  66  4:55  Phoenix, Probe x2 (Chrono Boost)  
  66  4:59  Observer  
  71  5:00  Probe x2 (Chrono Boost)  
  71  5:05  Robotics Bay  
  73  5:09  Sentry  
  73  5:10  Probe x2  
  73  5:13  Forge  
  77  5:18  Immortal (Chrono Boost)  
  77  5:22  Probe x2  
  77  5:28  Pylon  
  83  5:33  Phoenix  
  83  5:34  Probe  
  86  5:39  Gateway  
  86  5:40  Probe x2, Pylon  
  88  5:45  Stalker  
  88  5:49  Probe  
  91  5:52  Probe  
  91  5:54  Probe  
  91  5:56  Colossus (Chrono Boost)  
  92  5:58  Phoenix  
  92  6:01  Probe  
  92  6:04  Probe  
  102  6:05  Assimilator  
  102  6:06  Probe  
  102  6:07  Protoss Ground Weapons Level 1 (Chrono Boost)  
  102  6:10  Assimilator  
  103  6:13  Probe  
  103  6:15  Shield Battery  
  103  6:16  Probe  
  106  6:18  Probe  
  106  6:23  Phoenix  
  106  6:24  Twilight Council  
  106  6:25  Gateway  
  108  6:28  Gateway  
  108  6:31  Photon Cannon  
  108  6:32  Probe  
  109  6:38  Photon Cannon  
  109  6:40  Pylon  
  109  6:43  Colossus (Chrono Boost)  
  115  6:48  Phoenix  
  114  6:57  Zealot x3  
  114  6:58  Probe  
  114  7:03  Probe x2  
  116  7:10  Probe  
  116  7:13  Phoenix  
  116  7:15  Charge (Chrono Boost)  
  114  7:18  Zealot x3  
  114  7:19  Probe  
  117  7:24  Probe x2  
  117  7:29  Photon Cannon  
  117  7:33  Extended Thermal Lance  
  117  7:34  Forge  
  118  7:37  Phoenix  
  118  7:39  Colossus (Chrono Boost)  
  125  7:44  Pylon  
  125  7:51  Shield Battery  
  125  7:55  Pylon  
  125  7:59  Nexus  
  125  8:01  Pylon  
  125  8:03  Pylon  
  125  8:04  Phoenix  
  127  8:07  Probe (Chrono Boost)  
  127  8:09  Probe x2 (Chrono Boost)  
  127  8:12  Pylon  
  130  8:13  Protoss Ground Weapons Level 2 (Chrono Boost)  
  130  8:16  Protoss Ground Armor Level 1 (Chrono Boost)  
  130  8:18  Photon Cannon  
  130  8:20  Shield Battery  
  130  8:28  Phoenix  
  130  8:30  Disruptor (Chrono Boost)  
  130  8:32  Probe  
  130  8:33  Probe  
  137  8:34  Zealot x2  
  137  8:50  Probe x3  
  137  8:52  Zealot x3, Pylon  
  137  8:53  Phoenix (Chrono Boost)  
  144  8:57  Zealot  
  144  8:58  Zealot, Observer (Chrono Boost)  
  122  9:14  Disruptor (Chrono Boost), Probe  
  122  9:15  Photon Cannon  
  124  9:17  Phoenix (Chrono Boost), Robotics Facility  
  126  9:25  Probe  
  126  9:26  Photon Cannon, Probe  
  126  9:28  Photon Cannon  
  126  9:31  Sentry, Protoss Air Weapons Level 1 (Chrono Boost)  
  128  9:32  Zealot x3, Sentry  
  128  9:33  Phoenix  
  128  9:36  Photon Cannon  
  140  9:39  Blink  
  140  9:42  Photon Cannon, Probe  
  141  9:58  Phoenix  
  149  10:00  Colossus (Chrono Boost), Assimilator  
  149  10:02  Assimilator  
  149  10:03  Zealot x3  
  149  10:04  Zealot  
  149  10:05  Probe x2  
  149  10:06  Probe x2  
  161  10:10  Colossus (Chrono Boost)  
  167  10:20  Shield Battery, Pylon  
  166  10:28  Stalker x5  
  176  10:31  Protoss Ground Armor Level 2 (Chrono Boost)  
  176  10:35  Stargate, Fleet Beacon  
  174  10:45  Protoss Ground Weapons Level 3 (Chrono Boost)  
  173  10:51  Phoenix  
  173  10:54  Zealot x3  
  179  11:02  Photon Cannon  
  179  11:09  Pylon  
  179  11:10  Pylon  
  165  11:22  Zealot x5  
  151  11:34  Phoenix  
  151  11:35  Phoenix  
  145  11:44  Disruptor x2 (Chrono Boost), Gateway  
  145  11:47  Gateway  
  145  11:49  Gateway, Anion Pulse-Crystals  
  145  11:51  Zealot x5, Gateway  
  161  11:59  Templar Archives  
  161  12:02  Phoenix  
  161  12:05  Protoss Air Weapons Level 2 (Chrono Boost)  
  162  12:12  Zealot x5  
  162  12:18  Phoenix  
  152  12:41  Zealot, Stalker x2  
  152  12:42  Zealot x4  
  166  12:44  Pylon  
  166  12:45  Zealot x2  
  166  12:47  Warp Prism (Chrono Boost)  
  172  12:55  Nexus  
  172  12:56  Pylon  
  172  12:58  Disruptor (Chrono Boost)  
  172  13:02  Pylon  
  172  13:05  Photon Cannon  
  172  13:06  Photon Cannon  
  172  13:08  Photon Cannon  
  172  13:14  Protoss Ground Armor Level 3  
  172  13:16  High Templar x5  
  172  13:17  High Templar x2  
  186  13:20  Archon x3  
  186  13:21  Pylon  
  185  13:32  Zealot x2  
  175  13:37  Disruptor (Chrono Boost)  
  175  13:38  Disruptor (Chrono Boost)  
  159  13:52  Zealot x8  
  159  13:55  Photon Cannon  
  175  13:56  Photon Cannon  
  175  13:58  Shield Battery  
  175  14:02  Carrier x2 (Chrono Boost)  
  187  14:07  Photon Cannon x2  
  187  14:08  Shield Battery  
  187  14:10  Observer x2 (Chrono Boost)  
  169  14:26  Zealot x8  
  179  14:36  Protoss Shields Level 1  
  163  14:56  Nexus  
  163  15:03  Carrier x2 (Chrono Boost)  
  175  15:12  High Templar x5  
  185  15:16  Archon x2  
  185  15:17  High Templar, Protoss Air Weapons Level 3 (Chrono Boost)  
  185  15:18  Zealot  
  188  15:22  Archon  
  188  15:29  Zealot x2  
  186  15:38  Zealot  
  177  15:45  Zealot x5  
  177  15:55  Stalker x3  
  174  16:01  Zealot  
  170  16:05  Pylon  
  170  16:06  Zealot  
  170  16:07  Zealot  
  170  16:14  Probe  
  170  16:15  Probe x2  
  173  16:20  Assimilator  
  173  16:21  High Templar x3  
  173  16:22  High Templar  
  173  16:24  Disruptor (Chrono Boost)  
  181  16:25  Archon  
  181  16:26  Archon  
  181  16:29  Observer (Chrono Boost)  
  185  16:33  Stalker  
  181  16:42  Zealot x4  
  169  16:58  Zealot  
  169  16:59  Zealot x4  
  171  17:06  Zealot  
  161  17:18  Carrier (Chrono Boost), Photon Cannon  
  167  17:24  Disruptor (Chrono Boost)  
  169  17:34  High Templar  
  169  17:35  High Templar x3  
  169  17:36  Disruptor (Chrono Boost)  
  180  17:38  Archon x2  
  180  17:46  Pylon  
  179  17:57  Zealot x5  
  189  18:03  Assimilator  
  189  18:04  Assimilator  
  181  18:10  Zealot  
  181  18:11  Zealot x3  
  159  18:24  Zealot x5  
  169  18:40  Zealot x4  
  177  18:43  Zealot x4  
  176  18:52  Zealot x3  
  167  19:10  High Templar x6, Pylon  
  167  19:15  Archon x3  
  179  19:21  Observer x2 (Chrono Boost)  
  181  19:30  High Templar  
  181  19:31  High Templar  
  183  19:36  Archon  
  167  19:46  Zealot  
  167  19:47  Zealot x6  
  167  19:50  Disruptor (Chrono Boost), Observer (Chrono Boost)  
  159  20:05  Disruptor (Chrono Boost)  
  151  20:08  Probe x3  
  151  20:09  Probe x2  
  149  20:29  Probe  
  149  20:30  Probe  
  149  20:33  High Templar x2  
  154  20:37  Archon  
  148  20:50  Zealot x6  
  150  21:07  Observer (Chrono Boost)  
  154  21:16  Disruptor (Chrono Boost), Zealot x2  
  158  21:22  Disruptor (Chrono Boost)  
  161  21:33  Zealot x2  
  165  21:49  Phoenix (Chrono Boost)  
  165  21:54  Pylon  
  165  21:55  Phoenix (Chrono Boost)  
  167  22:01  Observer  
  167  22:10  Phoenix (Chrono Boost)  
  167  22:11  Zealot x2  
  173  22:21  Phoenix  
  164  22:31  Zealot x2  
  152  22:40  Probe  
  149  22:48  Probe  
  140  22:55  Probe  
  136  23:13  High Templar x2  
  136  23:17  Archon  
  129  23:29  Zealot x3  
  117  23:53  High Templar x2  
  117  23:54  Zealot x3  
  125  23:58  Archon  
  102  24:22  Zealot x2